 Dungeon Crawl Stone Soup version 0.28.0-53-g5a82cb258f (webtiles) character file.

Game seed: 462455778818049122

53 Zeld the Conjurer (level 3, 0/19 HPs)
             Began as a Deep Elf Conjurer on May 24, 2022.
             Killed from afar by Natasha (7 damage)
             ... with a magic dart
             ... on level 2 of the Dungeon.
             The game lasted 00:01:39 (1404 turns).

Zeld the Conjurer (Deep Elf Conjurer)               Turns: 1404, Time: 00:01:39

Health: 0/19       AC:  3    Str:  4    XL:     3   Next: 62%
Magic:  3/10       EV: 12    Int: 24    God:
Gold:   65         SH:  0    Dex: 13    Spells: 6/9 levels left

rFire   . . .      SeeInvis .   (no weapon)
rCold   . . .      Faith    .   (no shield)
rNeg    . . .      Spirit   .   a - +0 robe
rPois   .          Reflect  .   c - +0 helmet
rElec   .          Harm     .   (no cloak)
rCorr   .          Rampage  .   (no gloves)
Will    .....                   (no boots)
Stlth   ++........              (no amulet)
HPRegen 0.06/turn               (no ring)
MPRegen 0.12/turn               (no ring)

@: no status effects
A: no striking features
a: no special abilities


You were on level 2 of the Dungeon.
You visited 1 branch of the dungeon, and saw 2 of its levels.

You collected 65 gold pieces.

Inventory:

Armour
 a - a +0 robe (worn)
 c - a +0 helmet (worn)
Scrolls
 b - a scroll of fear {unknown}


   Skills:
 - Level 2.4 Dodging
 + Level 3.0 Stealth
 * Level 3.9 Spellcasting
 * Level 4.8 Conjurations
 + Level 1.1 Hexes
 + Level 1.2 Translocations


You had 6 spell levels left.
You knew the following spells:

 Your Spells              Type           Power      Damage    Failure   Level
a - Magic Dart            Conj           100%       1d8       1%          1
b - Searing Ray           Conj           56%        2d6       1%          2

Your spell library contained the following spells:

 Spells                   Type           Power      Damage    Failure   Level
 Dazzling Flash           Conj/Hex       38%        N/A       9%          3
 Fulminant Prism          Conj/Hex       9%         3d7       28%         4
 Iskenderun's Mystic Bla  Conj/Tloc      19%        2d6       28%         4


Dungeon Overview and Level Annotations

Branches:
Dungeon (2/15)

Altars:

Annotations:
D:2 Natasha


Message History

Natasha is nearby! 2 goblins come into view.
You see here a scroll labelled BEV PULEFALL.
Natasha hisses angrily.
Natasha casts a spell at you. The magic dart hits you!
There is a stone staircase leading down here.
Casting: Magic Dart (safe; 1% risk of failure)
Confirm with . or Enter, or press ? or * to list all spells.
You don't know that spell.
You start resting.
Natasha is nearby!
Casting: Magic Dart (safe; 1% risk of failure)
Confirm with . or Enter, or press ? or * to list all spells.
Aiming: Searing Ray (safe; 1% risk of failure)
Press: ? - help, Shift-Dir - straight line, f - Natasha
Aim: Natasha (74% to hit)
The searing ray hits Natasha.
Natasha is moderately wounded. (Press . to maintain the ray.) Unknown command.
The searing ray misses Natasha.
The searing ray hits Natasha.
Natasha is heavily wounded.
Natasha claws you.
The searing ray hits Natasha.
Natasha is heavily wounded.
You finish channelling your searing ray.
Natasha casts a spell.
Casting: Searing Ray (safe; 1% risk of failure)
Confirm with . or Enter, or press ? or * to list all spells.
Aiming: Searing Ray (safe; 1% risk of failure)
Press: ? - help, Shift-Dir - straight line, f/p - Natasha
Aim: Natasha (heavily wounded, 74% to hit)
The searing ray hits Natasha.
Natasha is almost dead. (Press . to maintain the ray.) Natasha stares at you and mumbles some strange words.
The magic dart hits you!
You die...

# ##. ### #. ##.# ##.#
#..#..###### #..#
#..........###### #..#
#.>5h@......# #..#
#?####.####.# #..# #.#
#># #.# #..# ...
##.####.######..#
.....................#
.#.h.....#####.#####..#
#.#...##### #.# #..# #
g...# #.# #)<#
........#####.#####†.#


You could see Natasha and a crimson imp (summoned).

Vanquished Creatures
  Robin (D:2)
  6 ball pythons
  An endoplasm (D:1)
  3 goblins
  6 hobgoblins
  6 jackals (D:1)
  A quokka (D:1)
  7 bats (D:1)
  2 frilled lizards (D:1)
  2 kobolds (D:1)
  2 rats (D:1)
37 creatures vanquished.

Vanquished Creatures (others)
  4 demonic plants (D:2)
  4 fungi (D:2)
  3 plants (D:2)
  2 withered plants (D:2)
13 creatures vanquished.

Grand Total: 50 creatures vanquished

Notes
Turn   | Place    | Note
-------+----------+-------------------------------------------
     0 | D:1      | Zeld the Deep Elf Conjurer began the quest for the Orb.
     0 | D:1      | Reached XP level 1. HP: 10/10 MP: 6/6
   282 | D:1      | Reached XP level 2. HP: 15/15 MP: 4/8
   457 | D:1      | Reached skill level 1 in Translocations
   779 | D:1      | Reached skill level 1 in Hexes
   781 | D:1      | Reached XP level 3. HP: 19/19 MP: 6/10
   784 | D:1      | Learned a level 2 spell: Searing Ray
  1110 | D:2      | Found a faded altar of an unknown god.
  1121 | D:2      | Noticed Robin
  1126 | D:2      | Killed Robin
  1392 | D:2      | Noticed Natasha
  1404 | D:2      | Killed from afar by Natasha

Illustrated notes

Levels and vault maps discovered:
D:1:      lemuel_arrival_cross, layout_loops_ring
D:2:      layout_loops_ring, shapermc_ecumenical_altar_gd, nrook_loot_triangle,
          uniq_robin, uniq_natasha

Skill      XL: |  1  2  3 |
---------------+----------+-----
Translocations | 1 |  1.2
Hexes          | 1 |  1.1
Stealth        | 3 |  3.0
Dodging        | |  2.4
Spellcasting   | |  3.9
Conjurations   | |  4.8

Action                   || total
-------------------------++-------
Melee: Unarmed           ||     1
       Punch             ||     1
 Cast: Magic Dart        ||    52
       Searing Ray       ||     6
Armor: Robe              ||     4
Dodge: Dodged            ||    11
